 Dungeon Crawl Stone Soup version 0.30.0-3-ga4e48a9924 (webtiles) character file.

Game seed: 7132571731743965909

69 browni3141 the Ruffian (level 4, 0/35 HPs)
             Began as a Ghoul Conjurer on May 7, 2023.
             Slain by a goblin
             ... wielding a +0 dagger
             ... led by Robin
              (2 damage)
             ... on level 2 of the Dungeon.
             The game lasted 00:01:59 (1056 turns).

browni3141 the Ruffian (Ghoul Conjurer)             Turns: 1056, Time: 00:02:00

Health: 0/35       AC:  2    Str: 12    XL:     4   Next: 20%
Magic:  1/5        EV: 11    Int: 13    God:
Gold:   64         SH:  0    Dex:  7    Spells: 3/6 levels left

rFire   . .          .
                       - Unarmed
rCold   + . .        (no shield)
rNeg    + + +        a - +0 robe
rPois   ∞            (no helmet)
rElec   .            (no cloak)
rCorr   .            (no gloves)
SInv    .            (no boots)
Will    .....        K - amulet of regeneration
Stlth   ++           (no ring)
HPRegen 0.00/turn    (no ring)
MPRegen 0.09/turn

%: no passive effects
@: inhibited regen
A: claws 1, cold resistance 1, negative energy resistance 3, inhibited
regeneration, torment resistance 2, devour on kill
a: no special abilities


You were on level 2 of the Dungeon.
You visited 1 branch of the dungeon, and saw 2 of its levels.

You collected 64 gold pieces.

Inventory:

Missiles
 J - 4 poisoned darts
Armour
 a - a +0 robe (worn)
Jewellery
 K - an amulet of regeneration (around neck)
Scrolls
 n - a scroll of enchant weapon {unknown}
 p - a scroll of blinking {unknown}
 q - 2 scrolls of vulnerability {unknown}
 s - a scroll of identify {unknown}
 t - a scroll of immolation {unknown}
 L - a scroll of fear {unknown}
Potions
 o - a potion of flight {unknown}
 r - 2 potions of curing {unknown}


   Skills:
 - Level 1.0 Fighting
 - Level 1.7 Dodging
 - Level 2.1 Stealth
 * Level 3.8 Unarmed Combat
 - Level 1.7 Spellcasting
 - Level 3.2 Conjurations


You had 3 spell levels left.
You knew the following spells:

 Your Spells              Type           Power      Damage    Failure   Level
a - Magic Dart            Conj           36%        1d4       7%          1
r - Searing Ray           Conj           18%        2d5       11%         2

Your spell library contained the following spells:

 Spells                   Type           Power      Damage    Failure   Level
 Foxfire                  Conj/Fire      20%        2x1d5     14%         1
 Apportation              Tloc           2%         N/A       26%         1
 Slow                     Hex            4%         N/A       26%         1
 Dazzling Flash           Conj/Hex       10%        N/A       38%         3
 Confusing Touch          Hex            1%         N/A       61%         3
 Vampiric Draining        Necr           1%         2d6       61%         3
 Fulminant Prism          Conj/Hex       2%         3d5       80%         4
 Iskenderun's Mystic Bla  Conj/Tloc      5%         2d3       80%         4
 Fireball                 Conj/Fire      2%         3d4       98%         5
 Alistair's Intoxication  Tmut/Pois      0%         N/A       100%        5
 Plasma Beam              Fire/Air       0%         2x1d11    100%        6
 Starburst                Conj/Fire      2%         6d3       100%        6


Dungeon Overview and Level Annotations

Branches:
Dungeon (2/15)

Altars:


Innate Abilities, Weirdness & Mutations

You are immune to poison.
You have sharp fingernails.
Your flesh is cold resistant. (rC+)
You are immune to negative energy. (rN+++)
You do not regenerate when monsters are visible.
You are immune to unholy pain and torment.
You thrive by killing the living.


Message History

A goblin comes into view. It is wielding a +0 club.
A hobgoblin comes into view.
The goblin unwields a +0 dagger.
The goblin wields a +0 sling.
The goblin shoots a sling bullet.
The sling bullet hits you but does no damage.
Robin and 3 goblins come into view.
Robin shouts!
You hear a shout!
The goblin shouts!
A goblin comes into view. It is wielding a +0 club.
A goblin comes into view. It is wielding a +0 dagger.
Robin throws the goblin at you!
The goblin unwields a +0 sling.
The goblin wields a +0 dagger.
The goblin hits you with a +0 dagger.
The goblin moves out of view.
The goblin shouts! x2
You see here a +0 club.
The goblin shouts!
A goblin comes into view. It is wielding a +0 dagger.
The goblin completely misses you.
The hobgoblin shouts!
The goblin shouts!
You claw the goblin!
You kill the goblin!
Robin throws the goblin at you! The goblin hits you with a +0 dagger.
Unknown command.
Casting: Magic Dart (safe; 7% risk of failure)
Confirm with . or Enter, or press ? or * to list all spells.
Aiming: Searing Ray (safe; 11% risk of failure)
Press: ? - help, Shift-Dir - straight line, f - Robin
Aim: Robin, wielding a +0 dagger, wearing a +0 animal skin and wearing a +0 helmet (82% to hit)
The searing ray hits the goblin!
You kill the goblin!
The searing ray hits the goblin!
You kill the goblin!
You feel better.
The searing ray hits Robin.
Robin is moderately wounded. (Press . to maintain the ray.)
The goblin closely misses you. The goblin hits you with a +0 dagger.
The searing ray hits the hobgoblin.
The hobgoblin is almost dead.
The searing ray hits the goblin.
You kill the goblin!
You feel better.
The searing ray hits Robin!
Robin is severely wounded.
The hobgoblin hits you. The goblin hits you with a +0 club.
The goblin hits you with a +0 dagger.
The searing ray hits the hobgoblin.
You kill the hobgoblin!
The searing ray hits Robin.
Robin is almost dead.
A bat comes into view.
The goblin misses you. The goblin completely misses you.
Without enough magic to sustain it, your searing ray dissipates.
The goblin hits you with a +0 club. x2
Robin points. "Kill!"
Robin roars a battlecry!
The goblins go into a battle-frenzy!
The goblin barely misses you.
A kobold comes into view. It is wielding a +0 short sword.
The goblin hits you with a +0 dagger.
You see here a +0 club.
The goblin hits you with a +0 dagger. The goblin attacks as you move away!
The goblin hits you but does no damage. The goblin attacks as you move away!
The goblin hits you with a +0 club.
* * * LOW HITPOINT WARNING * * *
You scratch the goblin but do no damage.
The goblin barely misses you. Magic courses through your body.
The goblin barely misses you.
The kobold hits you with a +0 short sword.
* * * LOW HITPOINT WARNING * * *
Casting: Searing Ray (safe; 11% risk of failure)
Confirm with . or Enter, or press ? or * to list all spells.
Aiming: Searing Ray (safe; 11% risk of failure)
Press: ? - help, Shift-Dir - straight line, f/p - Robin
Aim: Robin, wielding a +0 dagger, wearing a +0 animal skin and wearing a +0 helmet (almost dead, 82% to hit)
The searing ray misses the goblin.
The searing ray hits the goblin.
You kill the goblin!
You feel better.
The searing ray hits Robin.
Robin is almost dead. (Press . to maintain the ray.)
The kobold hits you with a +0 short sword.
* * * LOW HITPOINT WARNING * * *
The goblin barely misses you. Robin throws the goblin at you!
* * * LOW HITPOINT WARNING * * *
The goblin closely misses you.
The searing ray hits the goblin!
You kill the goblin!
The searing ray hits Robin.
You kill Robin!
The searing ray hits the goblin!
You kill the goblin!
The goblin hits you with a +0 dagger.
* * * LOW HITPOINT WARNING * * *
The kobold hits you with a +0 short sword.
* * * LOW HITPOINT WARNING * * *
You have reached level 4!
Casting: Searing Ray (safe; 11% risk of failure)
Confirm with . or Enter, or press ? or * to list all spells.
You don't have enough magic to cast this spell.
Unknown command.
You barely miss the goblin. The goblin hits you with a +0 dagger.
You die...

#.........?...
#.####### ....#
.......# .).. .#
##.###.# #.#..##
.# #.#
#...).##.###.
#.######
#)##.....
#......# #)g..#
######.# #)#K.#
.... #.# #.@..#
##+#... #.#
#g...# #......
#.# #.###..#
#.#.... #.#
#......####
#.#.... #.#
##.##.....#
#.#.... #.### #
#####.#####.#....
####.#..
#.......#.##.
#....#.#
####>###....P #
#.####.# ### #.#
#..##.


You could see a goblin (strong) and a kobold.

Vanquished Creatures
  Robin (D:2)
  2 adders (D:2)
  2 dart slugs
  2 endoplasms (D:1)
  A giant cockroach (D:1)
  9 goblins
  3 hobgoblins
  A kobold (D:1)
  2 quokkas (D:1)
  3 ball pythons (D:1)
  A bat (D:2)
  4 frilled lizards
  3 rats (D:1)
34 creatures vanquished.

Notes
Turn   | Place    | Note
-------+----------+-------------------------------------------
     0 | D:1      | browni3141 the Ghoul Conjurer began the quest for the Orb.
     0 | D:1      | Reached XP level 1. HP: 14/14 MP: 2/2
   129 | D:1      | Reached XP level 2. HP: 20/23 MP: 3/3
   404 | D:1      | Learned a level 2 spell: Searing Ray
   817 | D:2      | Reached XP level 3. HP: 16/28 MP: 4/4
   993 | D:2      | Reached skill level 3 in Unarmed Combat
  1042 | D:2      | Noticed Robin
  1055 | D:2      | Killed Robin
  1055 | D:2      | HP: 1/28 [kobold/+0 short sword (1)]
  1056 | D:2      | Reached XP level 4. HP: 2/35 MP: 1/5
  1056 | D:2      | Slain by a goblin

Illustrated notes

Levels and vault maps discovered:
D:1:      minmay_arrival_four_circles, layout_loops_ring, minmay_tetromino_s2
D:2:      layout_basic, shapermc_ecumenical_altar_mp_ritualfount, uniq_sigmund,
          uniq_robin

Skill      XL: |  1  2  3 |
---------------+----------+-----
Fighting       | 1 |  1.0
Unarmed Combat | 1 2 3 |  3.8
Dodging        | |  1.7
Stealth        | |  2.1
Spellcasting   | |  1.7
Conjurations   | |  3.2

Action                     |  1- 3 |  4- 6 || total
---------------------------+-------+-------++-------
  Melee: Unarmed           |   114 |     1 ||   115
   Cast: Searing Ray       |     2 |       ||     2
    Use: Potion            |     1 |       ||     1
   Stab: Sleeping          |     3 |       ||     3
 Armour: Robe              |    21 |       ||    21
  Dodge: Dodged            |    70 |       ||    70
